 Dungeon Crawl Stone Soup version 0.28.0-62-gf88900778d (webtiles) character file.

Game seed: 7941430056274168404

4 infinitevox the Vexing (level 1, -3/15 HPs)
             Began as a Demonspawn Wanderer on Apr 14, 2023.
             Slain by a hobgoblin (4 damage)
             ... on level 1 of the Dungeon.
             The game lasted 00:01:27 (309 turns).

infinitevox the Vexing (Demonspawn Wanderer)         Turns: 309, Time: 00:01:27

Health: -3/15      AC:  3    Str:  9    XL:     1   Next: 58%
Magic:  4/4        EV: 11    Int: 18    God:
Gold:   0          SH:  0    Dex: 10    Spells: 5/6 levels left

rFire   . . .      SeeInvis .   a - +0 dagger
rCold   . . .      Faith    .   (no shield)
rNeg    . . .      Spirit   .   b - +0 robe
rPois   .          Reflect  .   (no helmet)
rElec   .          Harm     .   (no cloak)
rCorr   .          Rampage  .   c - +0 pair of gloves
Will    .....                   (no boots)
Stlth   +.........              (no amulet)
HPRegen 0.05/turn               (no ring)
MPRegen 0.09/turn               (no ring)

@: no status effects
A: no striking features
a: no special abilities


You were on level 1 of the Dungeon.
You visited 1 branch of the dungeon, and saw 1 of its levels.

Inventory:

Hand Weapons
 a - a +0 dagger (weapon)
Armour
 b - a +0 robe (worn)
 c - a +0 pair of gloves (worn)


   Skills:
 + Level 1.2 Fighting
 + Level 1.3 Dodging
 - Level 1.0 Stealth
 - Level 3.0 Spellcasting
 - Level 4.0 Hexes


You had 5 spell levels left.
You knew the following spells:

 Your Spells              Type           Power      Damage    Failure   Level
a - Slow                  Hex            68%        N/A       3%          1

Your spell library contained the following spells:

 Spells                   Type           Power      Damage    Failure   Level
 Confusing Touch          Hex            17%        N/A       10%         3
 Apportation              Tloc           4%         N/A       16%         1
 Teleport Other           Tloc           2%         N/A       43%         3
 Anguish                  Hex/Necr       4%         N/A       56%         4


Dungeon Overview and Level Annotations

Branches:
Dungeon (1/15)

Altars:

Annotations:
D:1 1 runed translucent door


Message History

The hobgoblin barely misses you.
You hit the hobgoblin but do no damage.
The hobgoblin is moderately wounded.
You hit the hobgoblin but do no damage.
The hobgoblin is moderately wounded.
The hobgoblin closely misses you.
You hit the hobgoblin but do no damage.
The hobgoblin is moderately wounded.
The hobgoblin barely misses you.
You hit the hobgoblin.
The hobgoblin is severely wounded.
The hobgoblin closely misses you.
You barely miss the hobgoblin.
You punch the hobgoblin, but do no damage.
The hobgoblin is severely wounded.
You barely miss the hobgoblin.
The hobgoblin is severely wounded.
The hobgoblin closely misses you.
You hit the hobgoblin but do no damage.
The hobgoblin is heavily wounded.
The hobgoblin hits you but does no damage.
You closely miss the hobgoblin.
The hobgoblin is heavily wounded.
You barely miss the hobgoblin.
The hobgoblin is heavily wounded.
The hobgoblin hits you.
* * * LOW HITPOINT WARNING * * *
You hit the hobgoblin.
The hobgoblin is severely wounded.
The hobgoblin hits you.
* * * LOW HITPOINT WARNING * * *
You hit the hobgoblin but do no damage.
The hobgoblin is severely wounded.
You hit the hobgoblin but do no damage.
The hobgoblin is severely wounded.
The hobgoblin barely misses you.
You barely miss the hobgoblin.
The hobgoblin is severely wounded.
The hobgoblin hits you.
You die... ##'####.#######+####### #.# #.# ..rwJhJBJ...#

#######.####.#....BBhJJw...#
.............#.......J.....#
####.##.###..###############
#.##)# #............. #.##.#
#.....####..# #.##.#
#####g####..##g## #.##.#
#....@..)..>.... #.##.#
#.#############. #..... #
####.# #.#


You could see a hobgoblin (slow).

Vanquished Creatures
  2 ball pythons (D:1)
  2 kobolds (D:1)
4 creatures vanquished.

Notes
Turn   | Place    | Note
-------+----------+-------------------------------------------
     0 | D:1      | infinitevox the Demonspawn Wanderer began the quest for the
                  | Orb.
     0 | D:1      | infinitevox set off with the following items: a +0 dagger,
                  | a +0 robe, a +0 pair of gloves; and the following spells
                  | available to memorise: Slow, Confusing Touch, Apportation,
                  | Teleport Other, Anguish
     0 | D:1      | Reached XP level 1. HP: 15/15 MP: 4/4
     3 | D:1      | Learned a level 1 spell: Slow
     5 | D:1      | Found a runed translucent door.
   309 | D:1      | Slain by a hobgoblin

Illustrated notes

Levels and vault maps discovered:
D:1:      dpeg_arrival_caged_fury, layout_basic,
          shapermc_ecumenical_altar_mp_ritualfount,
          corexii_hall_statues_deadend, minmay_vboxes

Action                   || total
-------------------------++-------
Melee: Dagger            ||    54
       Punch             ||     1
 Cast: Slow              ||     6
Armor: Robe              ||     5
Dodge: Dodged            ||    32
